Rafales vs Little Stars
(R1)
Created - December 8, 2018 at 23:37
Goals
|
| Rafales |
4 |
1 |
3 |
8 |
| Little Stars |
2 |
0 |
0 |
2 |
|
Shots
|
| Rafales |
13 |
9 |
13 |
35 |
| Little Stars |
10 |
11 |
7 |
28 |
|
1st period
1. Rafales , Carl Klingberg 4 (Tim Crowder 10, Matt Gilroy 13) at 3:50
2. Little Stars , Mathieu Perreault 7 (Cam Atkinson 14) at 12:38
3. Rafales , Milan Bartovic 11 (Mike Zigomanis 19, Cody McLeod 24) at 14:17
4. Rafales , Connor Murphy 3 (Matt Gilroy 14) at 14:51 (PP)
5. Little Stars , Jesse Joensuu 10 (Dana Tyrell 16) at 18:38
6. Rafales , Mike Zigomanis 21 (Cody McLeod 25, Matt Gilroy 15) at 18:50
Penalties :
Andrej Sustr (Tex) for High sticking (Minor) at 8:00, Jordie Benn (Tex) for Roughing (Minor) at 14:20, Anton Cederholm (Tex) for Hooking (Minor) at 15:45, Dylan McIlrath (Stf) for Hooking (Minor) at 19:36
2nd period
7. Rafales , James Sheppard 6 (Brian Ferlin 6, Nathan Davis 16) at 2:35
Penalties :
Carl Klingberg (Stf) for Hooking (Minor) at 9:50, Andrej Sustr (Tex) for Holding (Minor) at 19:15
3rd period
8. Rafales , Carl Klingberg 5 (James Sheppard 10, Julian Melchiori 7) at 1:10 (PP)
9. Rafales , Cedric Paquette 2 (James Marcou 5, Chris Terry 6) at 12:22
10. Rafales , Milan Bartovic 12 (Cody McLeod 26) at 16:07
Penalties :
Julian Melchiori (Stf) for Hooking (Minor) at 2:39, Tucker Poolman (Tex) for Diving (Minor) at 5:34
Goalie Stats
Leland Irving (Stf), 26 saves from 28 shots - (0.929), W, 13-9-0, 60:00 minutes
Matt Murray (Tex), 18 saves from 22 shots - (0.818), 41:10 minutes
Peter Delmas (Tex), 9 saves from 13 shots - (0.692), L, 6-7-1, 18:50 minutes
Players Stats for Rafales
Player Name G A P +/- PIM S H SB GA TA FO MP PP MP PK MP
------------------------------------------------------------------------------------
Brian Ferlin 0 1 1 0 0 1 3 0 1 0 1/1 11:38 0:08 0:00
Carl Klingberg 2 0 2 0 2 3 2 1 2 0 0/0 13:48 3:18 1:08
Cedric Paquette 1 0 1 1 0 2 1 0 0 0 1/4 9:47 0:07 0:26
Chris Terry 0 1 1 1 0 4 0 0 0 0 0/0 9:10 0:07 0:00
Cody McLeod 0 3 3 3 0 7 1 0 0 0 2/4 24:26 4:57 3:33
Connor Murphy 1 0 1 0 0 1 1 2 0 1 0/0 28:34 5:46 3:40
Dennis Persson 0 0 0 1 0 0 0 2 2 0 0/0 12:26 0:00 0:00
Dylan McIlrath 0 0 0 3 2 0 0 1 0 1 0/0 18:38 2:37 1:56
James Marcou 0 1 1 1 0 3 0 0 0 0 0/0 8:51 0:00 0:00
James Sheppard 1 1 2 0 0 3 0 0 0 0 2/3 16:56 3:19 2:01
Julian Melchiori 0 1 1 3 2 0 3 5 0 1 0/0 18:01 2:37 1:10
Kevin Veilleux 0 0 0 0 0 2 2 0 0 0 4/5 9:13 0:00 0:00
Matt Gilroy 0 3 3 0 0 2 5 1 0 1 0/0 28:34 5:46 3:40
Mike Zigomanis 1 1 2 3 0 1 0 1 2 0 25/40 24:14 4:57 3:38
Milan Bartovic 2 0 2 3 0 2 4 1 0 0 0/1 20:36 4:57 0:00
Nathan Davis 0 1 1 0 0 3 2 0 0 0 2/8 15:45 3:19 1:08
Slater Koekkoek 0 0 0 1 0 0 1 0 0 1 0/0 14:10 0:00 1:28
Tim Crowder 0 1 1 0 0 1 0 1 0 0 0/0 9:13 0:00 0:00
Players Stats for Little Stars
Player Name G A P +/- PIM S H SB GA TA FO MP PP MP PK MP
------------------------------------------------------------------------------------
Alexander Vasyunov 0 0 0 1 0 1 4 0 0 0 0/0 12:20 0:00 0:45
Andrej Sustr 0 0 0 -1 4 2 3 2 0 0 0/0 26:05 3:59 2:29
Anton Cederholm 0 0 0 -2 2 0 0 2 0 0 0/0 19:39 1:58 1:54
Bo Horvat 0 0 0 -1 0 1 1 0 1 0 1/5 7:42 0:00 0:00
Brian Flynn 0 0 0 -2 0 4 2 0 1 0 17/34 19:54 3:29 2:24
Cam Atkinson 0 1 1 -2 0 8 5 1 0 1 1/4 23:24 3:29 5:14
Dana Tyrell 0 1 1 -2 0 0 3 0 0 0 4/9 16:34 2:28 2:24
Daniel O'regan 0 0 0 0 0 0 0 0 0 0 0/0 0:00 0:00 0:00
Emile Poirier 0 0 0 0 0 0 0 0 0 0 0/0 0:00 0:00 0:00
Jason Dickinson 0 0 0 0 0 0 0 0 0 0 0/0 0:00 0:00 0:00
Jesse Joensuu 1 0 1 -2 0 3 0 0 1 0 0/0 14:10 2:28 0:00
Jordie Benn 0 0 0 -1 2 0 0 5 0 1 0/0 27:49 3:59 4:56
Justin Auger 0 0 0 -1 0 0 1 0 0 0 0/0 7:42 0:00 0:00
Mathieu Perreault 1 0 1 1 0 1 0 0 0 1 1/2 11:35 0:00 0:00
Michael Mersch 0 0 0 -1 0 2 2 1 0 0 0/0 8:27 0:00 0:45
Reece Willcox 0 0 0 -1 0 1 1 0 0 1 0/0 15:19 0:00 4:31
Scott Kosmachuck 0 0 0 1 0 2 2 0 0 0 1/1 11:35 0:00 0:00
Shawn Matthias 0 0 0 -2 0 2 0 1 1 0 3/10 23:24 3:29 5:14
Tucker Poolman 0 0 0 -1 2 1 0 0 1 1 0/0 11:36 0:00 0:00
Tyler Wotherspoon 0 0 0 -2 0 0 0 2 0 2 0/0 20:07 1:58 2:56
Ville Pokka 0 0 0 0 0 0 0 0 0 0 0/0 0:00 0:00 0:00
Zach Budish 0 0 0 -2 0 0 1 1 0 0 1/1 14:10 2:28 0:00
3 Stars
1 - Milan Bartovic (Stf)
2 - Cody McLeod (Stf)
3 - Mike Zigomanis (Stf)
Power Play
Rafales - 2 on 5 Attempt(s) - 40.00%
Little Stars - 0 on 3 Attempt(s) - 0.00%
Penalty Kill
Rafales - 3 on 3 Attempt(s) - 100.00%
- Score 0 goal in Penalty Kill
Little Stars - 3 on 5 Attempt(s) - 60.00%
- Score 0 goal in Penalty Kill
Team Stat
Rafales - Hits : 25 - Faceoff Wins : 37 - Blocked Shots : 15 - Penalty Minutes : 6
Little Stars - Hits : 25 - Faceoff Wins : 29 - Blocked Shots : 15 - Penalty Minutes : 10
Official
Referees : Unknown
Linesman : Unknown
Game Notes
Matt Murray enters game at 18:50 of 1st period
Finance
Level 1 -- Attendance: 1492 (74.60%) -- Ticket Income $52,220
Level 2 -- Attendance: 659 (65.90%) -- Ticket Income $13,180
Total Attendance: 2151 (71.70%)
Total Ticket Income: $65,400
Other Income: $3,270
Total Income: $68,670
Rafales
5 vs 5 Forward
Center Left Wing Right Wing Time % Phy DF OF
1 Mike Zigomanis Cody McLeod Milan Bartovic 40 0 1 4
2 Nathan Davis James Sheppard Brian Ferlin 30 1 1 3
3 Kevin Veilleux Carl Klingberg Tim Crowder 20 1 2 2
4 Cedric Paquette Chris Terry James Marcou 10 2 1 2
5 vs 5 Defense
Defense Defense Time % Phy DF OF
1 Matt Gilroy Connor Murphy 40 1 3 1
2 Julian Melchiori Dylan McIlrath 30 1 3 1
3 Slater Koekkoek Dennis Persson 20 2 2 1
4 Matt Gilroy Connor Murphy 10 1 3 1
PowerPlay Forward
Center Left Wing Right Wing Time % Phy DF OF
1 Mike Zigomanis Cody McLeod Milan Bartovic 60 0 0 5
2 Nathan Davis James Sheppard Carl Klingberg 40 0 0 5
PowerPlay Defense
Defense Defense Time % Phy DF OF
1 Matt Gilroy Connor Murphy 60 0 2 3
2 Julian Melchiori Dylan McIlrath 40 0 2 3
Penalty Kill 4 Players Forward
Center Wing Time % Phy DF OF
1 Mike Zigomanis Cody McLeod 60 1 3 1
2 James Sheppard Nathan Davis 40 1 3 1
Penalty Kill 4 Players Defense
Defense Defense Time % Phy DF OF
1 Matt Gilroy Connor Murphy 60 2 3 0
2 Julian Melchiori Dylan McIlrath 40 2 3 0
Penalty Kill - 3 Players Forward
Forward Time % Phy DF OF
1 Mike Zigomanis 60 1 4 0
2 Cody McLeod 40 1 4 0
Penalty Kill - 3 Players Defense
Defense Defense Time % Phy DF OF
1 Matt Gilroy Connor Murphy 60 2 3 0
2 Julian Melchiori Dylan McIlrath 40 2 3 0
4 vs 4 Forward
Center Wing Time % Phy DF OF
1 Mike Zigomanis Cody McLeod 60 1 1 3
2 James Sheppard Nathan Davis 40 1 1 3
4 vs 4 Defense
Defense Defense Time % Phy DF OF
1 Matt Gilroy Connor Murphy 60 1 3 1
2 Julian Melchiori Dylan McIlrath 40 1 3 1
Last Minutes Offensive
Center Left Wing Right Wing Defense Defense
Mike Zigomanis Cody McLeod Milan Bartovic Matt Gilroy Connor Murphy
Last Minutes Defensive
Center Left Wing Right Wing Defense Defense
Mike Zigomanis Cody McLeod Milan Bartovic Matt Gilroy Connor Murphy
Goaltenders
Starting : Leland Irving
Backup : Chris Driedger
Extra Forwards
Normal : Cody McLeod, Mike Zigomanis, James Sheppard - PP : Cody McLeod, Mike Zigomanis - PK : Carl Klingberg
Extra Defensemen
Normal : Connor Murphy, Matt Gilroy, Julian Melchiori - PP : Connor Murphy - PK : Matt Gilroy, Julian Melchiori
Penalty Shots
Mike Zigomanis, Cody McLeod, James Sheppard, Nathan Davis, Milan Bartovic
Scratches
Ben Sexton (Healthy), Ryan Bourque (Healthy), Ben Johnson (Healthy), Nicklas Jensen (Healthy), Jayson Megna (Healthy)
Brad Ross (Healthy), Petr Kalus (Healthy), Ben Thomson (Healthy), Tyrell Goulbourne (Healthy), David Broll (Healthy)
Stefan Chaput (Healthy), Akim Aliu (Healthy), Maksim Mayorov (Healthy)
Little Stars
5 vs 5 Forward
Center Left Wing Right Wing Time % Phy DF OF
1 Brian Flynn Shawn Matthias Cam Atkinson 40 1 2 2
2 Dana Tyrell Jesse Joensuu Zach Budish 30 1 2 2
3 Mathieu Perreault Alexander Vasyunov Scott Kosmachuck 20 1 2 2
4 Bo Horvat Michael Mersch Justin Auger 10 1 2 2
5 vs 5 Defense
Defense Defense Time % Phy DF OF
1 Andrej Sustr Jordie Benn 38 1 2 2
2 Tyler Wotherspoon Anton Cederholm 30 1 2 2
3 Tucker Poolman Reece Willcox 22 1 2 2
4 Andrej Sustr Jordie Benn 10 1 2 2
PowerPlay Forward
Center Left Wing Right Wing Time % Phy DF OF
1 Brian Flynn Shawn Matthias Cam Atkinson 60 0 2 3
2 Dana Tyrell Jesse Joensuu Zach Budish 40 0 2 3
PowerPlay Defense
Defense Defense Time % Phy DF OF
1 Andrej Sustr Jordie Benn 60 0 2 3
2 Tyler Wotherspoon Anton Cederholm 40 0 2 3
Penalty Kill 4 Players Forward
Center Wing Time % Phy DF OF
1 Shawn Matthias Cam Atkinson 60 0 3 2
2 Brian Flynn Dana Tyrell 40 0 3 2
Penalty Kill 4 Players Defense
Defense Defense Time % Phy DF OF
1 Andrej Sustr Jordie Benn 60 0 3 2
2 Tyler Wotherspoon Anton Cederholm 40 0 3 2
Penalty Kill - 3 Players Forward
Forward Time % Phy DF OF
1 Shawn Matthias 60 0 3 2
2 Cam Atkinson 40 0 3 2
Penalty Kill - 3 Players Defense
Defense Defense Time % Phy DF OF
1 Andrej Sustr Jordie Benn 60 0 3 2
2 Tyler Wotherspoon Anton Cederholm 40 0 3 2
4 vs 4 Forward
Center Wing Time % Phy DF OF
1 Shawn Matthias Cam Atkinson 60 1 2 2
2 Brian Flynn Dana Tyrell 40 1 2 2
4 vs 4 Defense
Defense Defense Time % Phy DF OF
1 Andrej Sustr Jordie Benn 60 1 2 2
2 Tyler Wotherspoon Anton Cederholm 40 1 2 2
Last Minutes Offensive
Center Left Wing Right Wing Defense Defense
Brian Flynn Shawn Matthias Cam Atkinson Andrej Sustr Jordie Benn
Last Minutes Defensive
Center Left Wing Right Wing Defense Defense
Brian Flynn Shawn Matthias Cam Atkinson Andrej Sustr Jordie Benn
Goaltenders
Starting : Peter Delmas
Backup : Matt Murray
Extra Forwards
Normal : Mathieu Perreault, Bo Horvat, Alexander Vasyunov - PP : Mathieu Perreault, Bo Horvat - PK : Alexander Vasyunov
Extra Defensemen
Normal : Tucker Poolman, Reece Willcox, Tyler Wotherspoon - PP : Tucker Poolman - PK : Reece Willcox, Tyler Wotherspoon
Penalty Shots
Shawn Matthias, Cam Atkinson, Brian Flynn, Dana Tyrell, Jesse Joensuu
Scratches
Phil Oreskovic (Strained Left Elbow Injury), Spencer Martin (Healthy)
% Time on Ice - Rafales
Lines # - Real PCT - Wanted PCT - Time Play
Normal Forward
1 - 36% - 40% - 16:18
2 - 25% - 30% - 11:18
3 - 20% - 20% - 9:13
4 - 19% - 10% - 8:51
Normal Defense
1 - 41% - 40% - 18:34
2 - 31% - 30% - 14:06
3 - 27% - 20% - 12:26
4 - 1% - 10% - 0:34
PP Forward
1 - 60% - 60% - 5:04
2 - 40% - 40% - 3:19
PP Defense
1 - 69% - 60% - 5:46
2 - 31% - 40% - 2:37
PK Forward
1 - 81% - 60% - 4:49
2 - 19% - 40% - 1:08
PK Defense
1 - 62% - 60% - 3:40
2 - 38% - 40% - 2:17
PK3 Forward
1 - 0% - 60%
2 - 0% - 40%
PK3 Defense
1 - 0% - 60%
2 - 0% - 40%
44 Forward
1 - 0% - 60%
2 - 0% - 40%
44 Defense
1 - 0% - 60%
2 - 0% - 40%
Last Minute Offensive - 0:00
Last Minute Defensive - 0:00
Total
Forward - 60:00
Defense - 60:00
|
% Time on Ice - Little Stars
Lines # - Real PCT - Wanted PCT - Time Play
Normal Forward
1 - 32% - 40% - 14:41
2 - 26% - 30% - 11:42
3 - 25% - 20% - 11:35
4 - 17% - 10% - 7:42
Normal Defense
1 - 39% - 38% - 17:55
2 - 33% - 30% - 15:13
3 - 24% - 22% - 10:48
4 - 4% - 10% - 1:44
PP Forward
1 - 59% - 60% - 3:29
2 - 41% - 40% - 2:28
PP Defense
1 - 67% - 60% - 3:59
2 - 33% - 40% - 1:58
PK Forward
1 - 71% - 60% - 5:59
2 - 29% - 40% - 2:24
PK Defense
1 - 65% - 60% - 5:27
2 - 35% - 40% - 2:56
PK3 Forward
1 - 0% - 60%
2 - 0% - 40%
PK3 Defense
1 - 0% - 60%
2 - 0% - 40%
44 Forward
1 - 0% - 60%
2 - 0% - 40%
44 Defense
1 - 0% - 60%
2 - 0% - 40%
Last Minute Offensive - 0:00
Last Minute Defensive - 0:00
Total
Forward - 60:00
Defense - 60:00
|
Play by Play
1st period
0:01 of 1st period - Mike Zigomanis wins face-off versus Brian Flynn in neutral zone.
0:35 of 1st period - Wrist shot by Brian Ferlin.
0:35 of 1st period - Stopped by Peter Delmas with a rebound.
1:04 of 1st period - Snap shot by Chris Terry.
1:04 of 1st period - Stopped by Peter Delmas with a rebound.
1:49 of 1st period - Icing by Reece Willcox.
1:50 of 1st period - Mathieu Perreault wins face-off versus Nathan Davis in Little Stars zone.
2:32 of 1st period - Icing by Zach Budish.
2:33 of 1st period - Kevin Veilleux wins face-off versus Bo Horvat in Little Stars zone.
2:38 of 1st period - Snap shot by Carl Klingberg.
2:38 of 1st period - Deflect By Kevin Veilleux.
2:38 of 1st period - Stopped by Peter Delmas without a rebound.
2:39 of 1st period - Kevin Veilleux wins face-off versus Bo Horvat in Little Stars zone.
2:40 of 1st period - Snap shot by Carl Klingberg.
2:40 of 1st period - Deflect By Tim Crowder.
2:40 of 1st period - Stopped by Peter Delmas with a rebound.
3:02 of 1st period - Wrist shot by Tim Crowder.
3:02 of 1st period - Shot Blocked by Jordie Benn.
3:50 of 1st period - Snap shot by Carl Klingberg.
3:50 of 1st period - Goal by Carl Klingberg - Rafales : 1 - Little Stars : 0.
3:51 of 1st period - Mike Zigomanis wins face-off versus Brian Flynn in neutral zone.
4:43 of 1st period - Snap shot by Alexander Vasyunov.
4:43 of 1st period - Shot Blocked by Matt Gilroy.
4:45 of 1st period - Slapshot by Tucker Poolman.
4:45 of 1st period - Stopped by Leland Irving with a rebound.
5:14 of 1st period - Slapshot by Jesse Joensuu.
5:14 of 1st period - Stopped by Leland Irving with a rebound.
5:34 of 1st period - Snap shot by Bo Horvat.
5:34 of 1st period - Stopped by Leland Irving with a rebound.
5:48 of 1st period - Cam Atkinson is hit by Julian Melchiori and loses puck.
6:07 of 1st period - Snap shot by Jesse Joensuu.
6:07 of 1st period - Shot Blocked by Dylan McIlrath.
6:09 of 1st period - Wrist shot by Dana Tyrell.
6:09 of 1st period - Shot Blocked by Milan Bartovic.
6:47 of 1st period - Wrist shot by Michael Mersch.
6:47 of 1st period - Stopped by Leland Irving with a rebound.
6:49 of 1st period - Slapshot by Reece Willcox.
6:49 of 1st period - Stopped by Leland Irving without a rebound.
6:50 of 1st period - Mike Zigomanis wins face-off versus Cam Atkinson in Rafales zone.
7:36 of 1st period - Wrist shot by James Marcou.
7:36 of 1st period - Shot Blocked by Tyler Wotherspoon.
7:38 of 1st period - Slapshot by Matt Gilroy.
7:38 of 1st period - Stopped by Peter Delmas without a rebound.
7:39 of 1st period - Cam Atkinson wins face-off versus Cedric Paquette in Little Stars zone.
8:00 of 1st period - Minor Penalty to Andrej Sustr for High sticking.
8:01 of 1st period - Mike Zigomanis wins face-off versus Shawn Matthias in Little Stars zone.
9:36 of 1st period - Carl Klingberg is hit by Alexander Vasyunov and loses puck.
10:00 of 1st period - Penalty to Andrej Sustr is over, Andrej Sustr is back on ice.
10:05 of 1st period - James Sheppard is hit by Andrej Sustr.
10:34 of 1st period - Dennis Persson is hit by Justin Auger and loses puck.
11:00 of 1st period - Brian Flynn is hit by Cedric Paquette and loses puck.
11:23 of 1st period - Carl Klingberg is hit by Scott Kosmachuck.
11:47 of 1st period - James Sheppard is hit by Cam Atkinson and loses puck.
12:38 of 1st period - Snap shot by Mathieu Perreault.
12:38 of 1st period - Goal by Mathieu Perreault - Rafales : 1 - Little Stars : 1.
12:39 of 1st period - Brian Flynn wins face-off versus Mike Zigomanis in neutral zone.
12:46 of 1st period - Wrist shot by Cam Atkinson.
12:46 of 1st period - Shot Blocked by Julian Melchiori.
13:12 of 1st period - Wrist shot by James Sheppard.
13:12 of 1st period - Shot Blocked by Andrej Sustr.
13:17 of 1st period - Jordie Benn is hit by Carl Klingberg and loses puck.
14:09 of 1st period - Slapshot by James Sheppard.
14:09 of 1st period - Shot Misses the Net.
14:11 of 1st period - Slapshot by Nathan Davis.
14:11 of 1st period - Stopped by Peter Delmas without a rebound.
14:12 of 1st period - Mike Zigomanis wins face-off versus Brian Flynn in Little Stars zone.
14:17 of 1st period - Backhand shot by Milan Bartovic.
14:17 of 1st period - Goal by Milan Bartovic - Rafales : 2 - Little Stars : 1.
14:18 of 1st period - Brian Flynn wins face-off versus Mike Zigomanis in neutral zone.
14:20 of 1st period - Minor Penalty to Jordie Benn for Roughing.
14:21 of 1st period - Mike Zigomanis wins face-off versus Cam Atkinson in Little Stars zone.
14:27 of 1st period - Slapshot by Mike Zigomanis.
14:27 of 1st period - Shot Misses the Net.
14:51 of 1st period - Snap shot by Connor Murphy.
14:51 of 1st period - Goal by Connor Murphy - Rafales : 3 - Little Stars : 1.
14:52 of 1st period - Mike Zigomanis wins face-off versus Brian Flynn in neutral zone.
15:07 of 1st period - Slapshot by Shawn Matthias.
15:07 of 1st period - Stopped by Leland Irving with a rebound.
15:17 of 1st period - Dana Tyrell is hit by Nathan Davis and loses puck.
15:22 of 1st period - Snap shot by James Sheppard.
15:22 of 1st period - Stopped by Peter Delmas with a rebound.
15:24 of 1st period - Snap shot by Nathan Davis.
15:24 of 1st period - Shot Misses the Net.
15:26 of 1st period - Backhand shot by James Sheppard.
15:26 of 1st period - Stopped by Peter Delmas without a rebound.
15:27 of 1st period - Brian Flynn wins face-off versus Mike Zigomanis in Little Stars zone.
15:40 of 1st period - Snap shot by Shawn Matthias.
15:40 of 1st period - Stopped by Leland Irving with a rebound.
15:45 of 1st period - Minor Penalty to Anton Cederholm for Hooking.
15:46 of 1st period - Shawn Matthias wins face-off versus Mike Zigomanis in Little Stars zone.
16:12 of 1st period - Andrej Sustr is hit by Connor Murphy and loses puck.
17:18 of 1st period - Cody McLeod is hit by Alexander Vasyunov.
17:45 of 1st period - Penalty to Anton Cederholm is over, Anton Cederholm is back on ice.
17:53 of 1st period - Slapshot by Chris Terry.
17:53 of 1st period - Stopped by Peter Delmas with a rebound.
18:05 of 1st period - Icing by Anton Cederholm.
18:06 of 1st period - Kevin Veilleux wins face-off versus Shawn Matthias in Little Stars zone.
18:25 of 1st period - Slapshot by Dana Tyrell.
18:25 of 1st period - Shot Blocked by Dennis Persson.
18:27 of 1st period - Slapshot by Andrej Sustr.
18:27 of 1st period - Stopped by Leland Irving without a rebound.
18:28 of 1st period - Nathan Davis wins face-off versus Dana Tyrell in Rafales zone.
18:33 of 1st period - Matt Gilroy is hit by Reece Willcox and loses puck.
18:38 of 1st period - Slapshot by Jesse Joensuu.
18:38 of 1st period - Goal by Jesse Joensuu - Rafales : 3 - Little Stars : 2.
18:39 of 1st period - Dana Tyrell wins face-off versus Mike Zigomanis in neutral zone.
18:50 of 1st period - Snap shot by Cody McLeod.
18:50 of 1st period - Deflect By Mike Zigomanis.
18:50 of 1st period - Goal by Mike Zigomanis - Rafales : 4 - Little Stars : 2.
18:50 of 1st period - Matt Murray enters game.
18:51 of 1st period - Brian Flynn wins face-off versus Mike Zigomanis in neutral zone.
19:17 of 1st period - Dana Tyrell is hit by Brian Ferlin and loses puck.
19:36 of 1st period - Minor Penalty to Dylan McIlrath for Hooking.
19:37 of 1st period - Mike Zigomanis wins face-off versus Brian Flynn in Rafales zone.
Goals for this period are 4 for Rafales vs 2 for Little Stars.
Shots for this period are 13 for Rafales vs 10 for Little Stars.
2nd period
0:01 of 2nd period - Mike Zigomanis wins face-off versus Brian Flynn in neutral zone.
0:08 of 2nd period - Snap shot by Mike Zigomanis.
0:08 of 2nd period - Shot Blocked by Shawn Matthias.
0:11 of 2nd period - Icing by Jordie Benn.
0:12 of 2nd period - Mike Zigomanis wins face-off versus Brian Flynn in Little Stars zone.
0:17 of 2nd period - Snap shot by Mike Zigomanis.
0:17 of 2nd period - Deflect By Cody McLeod.
0:17 of 2nd period - Shot Blocked by Jordie Benn.
0:17 of 2nd period - Puck is out of play.
0:18 of 2nd period - Mike Zigomanis wins face-off versus Brian Flynn in Little Stars zone.
1:04 of 2nd period - Mike Zigomanis is hit by Brian Flynn and loses puck.
1:36 of 2nd period - Penalty to Dylan McIlrath is over, Dylan McIlrath is back on ice.
1:49 of 2nd period - Slapshot by Mathieu Perreault.
1:49 of 2nd period - Shot Misses the Net.
1:51 of 2nd period - Snap shot by Tyler Wotherspoon.
1:51 of 2nd period - Deflect By Alexander Vasyunov.
1:51 of 2nd period - Stopped by Leland Irving without a rebound.
1:52 of 2nd period - Cedric Paquette wins face-off versus Dana Tyrell in Rafales zone.
2:35 of 2nd period - Snap shot by James Sheppard.
2:35 of 2nd period - Goal by James Sheppard - Rafales : 5 - Little Stars : 2.
2:36 of 2nd period - Mike Zigomanis wins face-off versus Brian Flynn in neutral zone.
2:39 of 2nd period - Snap shot by Cody McLeod.
2:39 of 2nd period - Stopped by Matt Murray with a rebound.
3:43 of 2nd period - Alexander Vasyunov is hit by Milan Bartovic and loses puck.
4:43 of 2nd period - Cedric Paquette is hit by Bo Horvat.
4:52 of 2nd period - Snap shot by James Marcou.
4:52 of 2nd period - Stopped by Matt Murray with a rebound.
4:54 of 2nd period - Slapshot by Dennis Persson.
4:54 of 2nd period - Shot Misses the Net.
5:04 of 2nd period - Snap shot by Chris Terry.
5:04 of 2nd period - Stopped by Matt Murray with a rebound.
5:08 of 2nd period - Wrist shot by Cedric Paquette.
5:08 of 2nd period - Shot Misses the Net.
5:10 of 2nd period - Slapshot by Chris Terry.
5:10 of 2nd period - Deflect By Cedric Paquette.
5:10 of 2nd period - Shot Misses the Net.
5:10 of 2nd period - Puck is out of play.
5:11 of 2nd period - Shawn Matthias wins face-off versus Mike Zigomanis in Little Stars zone.
5:18 of 2nd period - Snap shot by Brian Flynn.
5:18 of 2nd period - Stopped by Leland Irving without a rebound.
5:19 of 2nd period - Mike Zigomanis wins face-off versus Brian Flynn in Rafales zone.
5:24 of 2nd period - Brian Flynn is hit by Milan Bartovic and loses puck.
5:35 of 2nd period - Snap shot by Cam Atkinson.
5:35 of 2nd period - Stopped by Leland Irving without a rebound.
5:36 of 2nd period - Brian Ferlin wins face-off versus Dana Tyrell in Rafales zone.
5:36 of 2nd period - Brian Ferlin is hit by Dana Tyrell.
6:29 of 2nd period - Wrist shot by Scott Kosmachuck.
6:29 of 2nd period - Stopped by Leland Irving with a rebound.
6:31 of 2nd period - Wrist shot by Alexander Vasyunov.
6:31 of 2nd period - Shot Blocked by Julian Melchiori.
6:33 of 2nd period - Slapshot by Anton Cederholm.
6:33 of 2nd period - Shot Misses the Net.
6:43 of 2nd period - Dylan McIlrath is hit by Dana Tyrell and loses puck.
6:50 of 2nd period - Snap shot by Dana Tyrell.
6:50 of 2nd period - Shot Misses the Net.
6:52 of 2nd period - Wrist shot by Zach Budish.
6:52 of 2nd period - Shot Blocked by Julian Melchiori.
6:59 of 2nd period - Icing by Julian Melchiori.
7:00 of 2nd period - Mike Zigomanis wins face-off versus Bo Horvat in Rafales zone.
7:04 of 2nd period - Off-side.
7:05 of 2nd period - Mike Zigomanis wins face-off versus Bo Horvat in neutral zone.
7:12 of 2nd period - Wrist shot by Cody McLeod.
7:12 of 2nd period - Stopped by Matt Murray without a rebound.
7:13 of 2nd period - Mike Zigomanis wins face-off versus Cam Atkinson in Little Stars zone.
7:14 of 2nd period - Wrist shot by Cody McLeod.
7:14 of 2nd period - Shot Blocked by Jordie Benn.
7:57 of 2nd period - Jordie Benn is hit by Cody McLeod and loses puck.
8:15 of 2nd period - Slapshot by Scott Kosmachuck.
8:15 of 2nd period - Shot Misses the Net.
8:17 of 2nd period - Slapshot by Andrej Sustr.
8:17 of 2nd period - Deflect By Alexander Vasyunov.
8:17 of 2nd period - Deflect By Milan Bartovic.
8:17 of 2nd period - Shot Misses the Net.
8:17 of 2nd period - Puck is out of play.
8:18 of 2nd period - Nathan Davis wins face-off versus Brian Flynn in Rafales zone.
8:29 of 2nd period - Snap shot by Brian Flynn.
8:29 of 2nd period - Shot Blocked by Connor Murphy.
8:43 of 2nd period - Anton Cederholm is hit by Kevin Veilleux and loses puck.
9:50 of 2nd period - Minor Penalty to Carl Klingberg for Hooking.
9:51 of 2nd period - Brian Flynn wins face-off versus Mike Zigomanis in Rafales zone.
9:54 of 2nd period - Wrist shot by Brian Flynn.
9:54 of 2nd period - Stopped by Leland Irving without a rebound.
9:55 of 2nd period - Brian Flynn wins face-off versus Mike Zigomanis in Rafales zone.
10:08 of 2nd period - Snap shot by Shawn Matthias.
10:08 of 2nd period - Shot Misses the Net.
10:10 of 2nd period - Snap shot by Shawn Matthias.
10:10 of 2nd period - Deflect By Brian Flynn.
10:10 of 2nd period - Deflect By Cody McLeod.
10:10 of 2nd period - Stopped by Leland Irving with a rebound.
10:29 of 2nd period - Off-side.
10:30 of 2nd period - Brian Flynn wins face-off versus James Sheppard in neutral zone.
11:50 of 2nd period - Penalty to Carl Klingberg is over, Carl Klingberg is back on ice.
12:17 of 2nd period - Alexander Vasyunov is hit by Brian Ferlin and loses puck.
12:32 of 2nd period - Tyler Wotherspoon is hit by Julian Melchiori and loses puck.
12:59 of 2nd period - Backhand shot by Shawn Matthias.
12:59 of 2nd period - Shot Misses the Net.
13:01 of 2nd period - Slapshot by Shawn Matthias.
13:01 of 2nd period - Deflect By Cam Atkinson.
13:01 of 2nd period - Stopped by Leland Irving without a rebound.
13:02 of 2nd period - Dana Tyrell wins face-off versus Cody McLeod in Rafales zone.
13:49 of 2nd period - Slapshot by Jordie Benn.
13:49 of 2nd period - Deflect By Mathieu Perreault.
13:49 of 2nd period - Deflect By Slater Koekkoek.
13:49 of 2nd period - Shot Misses the Net.
13:49 of 2nd period - Puck is out of play.
13:50 of 2nd period - Scott Kosmachuck wins face-off versus Kevin Veilleux in Rafales zone.
13:53 of 2nd period - Slapshot by Scott Kosmachuck.
13:53 of 2nd period - Stopped by Leland Irving without a rebound.
13:54 of 2nd period - Brian Flynn wins face-off versus Milan Bartovic in Rafales zone.
14:16 of 2nd period - Icing by Cam Atkinson.
14:17 of 2nd period - James Sheppard wins face-off versus Brian Flynn in Little Stars zone.
15:25 of 2nd period - Wrist shot by Bo Horvat.
15:25 of 2nd period - Shot Misses the Net.
15:27 of 2nd period - Slapshot by Anton Cederholm.
15:27 of 2nd period - Shot Blocked by Julian Melchiori.
15:35 of 2nd period - Wrist shot by Bo Horvat.
15:35 of 2nd period - Deflect By Michael Mersch.
15:35 of 2nd period - Shot Blocked by Julian Melchiori.
15:35 of 2nd period - Puck is out of play.
15:36 of 2nd period - Mike Zigomanis wins face-off versus Brian Flynn in Rafales zone.
15:36 of 2nd period - Mike Zigomanis is hit by Cam Atkinson.
15:47 of 2nd period - Matt Gilroy is hit by Andrej Sustr.
15:50 of 2nd period - Off-side.
15:51 of 2nd period - Dana Tyrell wins face-off versus Nathan Davis in neutral zone.
16:17 of 2nd period - Connor Murphy is hit by Scott Kosmachuck and loses puck.
16:32 of 2nd period - Snap shot by Nathan Davis.
16:32 of 2nd period - Stopped by Matt Murray without a rebound.
16:33 of 2nd period - Brian Flynn wins face-off versus Mike Zigomanis in Little Stars zone.
16:40 of 2nd period - Wrist shot by Cody McLeod.
16:40 of 2nd period - Shot Misses the Net.
16:59 of 2nd period - Icing by Mike Zigomanis.
17:00 of 2nd period - Mike Zigomanis wins face-off versus Dana Tyrell in Rafales zone.
17:07 of 2nd period - Snap shot by Carl Klingberg.
17:07 of 2nd period - Shot Blocked by Zach Budish.
17:25 of 2nd period - Nathan Davis is hit by Cam Atkinson and loses puck.
17:30 of 2nd period - Wrist shot by Brian Flynn.
17:30 of 2nd period - Stopped by Leland Irving without a rebound.
17:31 of 2nd period - Brian Flynn wins face-off versus Mike Zigomanis in Rafales zone.
17:44 of 2nd period - Snap shot by Cam Atkinson.
17:44 of 2nd period - Stopped by Leland Irving with a rebound.
17:56 of 2nd period - Dana Tyrell is hit by Brian Ferlin and loses puck.
18:17 of 2nd period - Wrist shot by Kevin Veilleux.
18:17 of 2nd period - Stopped by Matt Murray with a rebound.
18:19 of 2nd period - Slapshot by Matt Gilroy.
18:19 of 2nd period - Deflect By Alexander Vasyunov.
18:19 of 2nd period - Stopped by Matt Murray with a rebound.
18:21 of 2nd period - Slapshot by Connor Murphy.
18:21 of 2nd period - Shot Blocked by Tyler Wotherspoon.
18:43 of 2nd period - Wrist shot by Michael Mersch.
18:43 of 2nd period - Stopped by Leland Irving without a rebound.
18:44 of 2nd period - Bo Horvat wins face-off versus Cedric Paquette in Rafales zone.
18:53 of 2nd period - Slapshot by James Marcou.
18:53 of 2nd period - Stopped by Matt Murray without a rebound.
18:54 of 2nd period - Brian Flynn wins face-off versus Mike Zigomanis in Little Stars zone.
19:15 of 2nd period - Minor Penalty to Andrej Sustr for Holding.
19:16 of 2nd period - Mike Zigomanis wins face-off versus Shawn Matthias in Little Stars zone.
19:41 of 2nd period - Shawn Matthias is hit by Carl Klingberg and loses puck.
Goals for this period are 1 for Rafales vs 0 for Little Stars.
Shots for this period are 9 for Rafales vs 11 for Little Stars.
3rd period
0:01 of 3rd period - Mike Zigomanis wins face-off versus Shawn Matthias in neutral zone.
0:06 of 3rd period - Snap shot by Cody McLeod.
0:06 of 3rd period - Stopped by Matt Murray without a rebound.
0:07 of 3rd period - Mike Zigomanis wins face-off versus Shawn Matthias in Little Stars zone.
0:08 of 3rd period - Snap shot by Cody McLeod.
0:08 of 3rd period - Stopped by Matt Murray without a rebound.
0:09 of 3rd period - Mike Zigomanis wins face-off versus Shawn Matthias in Little Stars zone.
0:32 of 3rd period - Snap shot by Cody McLeod.
0:32 of 3rd period - Shot Blocked by Cam Atkinson.
0:34 of 3rd period - Snap shot by Milan Bartovic.
0:34 of 3rd period - Shot Blocked by Jordie Benn.
1:00 of 3rd period - Snap shot by Shawn Matthias.
1:00 of 3rd period - Deflect By Cam Atkinson.
1:00 of 3rd period - Shot Blocked by Connor Murphy.
1:00 of 3rd period - Puck is out of play.
1:01 of 3rd period - Brian Flynn wins face-off versus Nathan Davis in Rafales zone.
1:10 of 3rd period - Slapshot by Carl Klingberg.
1:10 of 3rd period - Goal by Carl Klingberg - Rafales : 6 - Little Stars : 2.
1:11 of 3rd period - Zach Budish wins face-off versus Nathan Davis in neutral zone.
1:36 of 3rd period - Matt Gilroy is hit by Cam Atkinson and loses puck.
2:21 of 3rd period - Snap shot by James Marcou.
2:21 of 3rd period - Shot Blocked by Michael Mersch.
2:23 of 3rd period - Snap shot by Chris Terry.
2:23 of 3rd period - Stopped by Matt Murray without a rebound.
2:24 of 3rd period - Brian Flynn wins face-off versus Cedric Paquette in Little Stars zone.
2:31 of 3rd period - Slapshot by Andrej Sustr.
2:31 of 3rd period - Stopped by Leland Irving without a rebound.
2:32 of 3rd period - Brian Flynn wins face-off versus Cody McLeod in Rafales zone.
2:35 of 3rd period - Slapshot by Cam Atkinson.
2:35 of 3rd period - Stopped by Leland Irving without a rebound.
2:36 of 3rd period - Cody McLeod wins face-off versus Brian Flynn in Rafales zone.
2:36 of 3rd period - Cody McLeod is hit by Cam Atkinson.
2:39 of 3rd period - Minor Penalty to Julian Melchiori for Hooking.
2:40 of 3rd period - Brian Flynn wins face-off versus Mike Zigomanis in Rafales zone.
2:40 of 3rd period - Snap shot by Cam Atkinson.
2:40 of 3rd period - Stopped by Leland Irving without a rebound.
2:41 of 3rd period - Mike Zigomanis wins face-off versus Brian Flynn in Rafales zone.
2:54 of 3rd period - Snap shot by Shawn Matthias.
2:54 of 3rd period - Shot Blocked by Mike Zigomanis.
2:56 of 3rd period - Snap shot by Cam Atkinson.
2:56 of 3rd period - Stopped by Leland Irving with a rebound.
3:06 of 3rd period - Jordie Benn is hit by Matt Gilroy and loses puck.
4:39 of 3rd period - Penalty to Julian Melchiori is over, Julian Melchiori is back on ice.
4:55 of 3rd period - Wrist shot by Nathan Davis.
4:55 of 3rd period - Stopped by Matt Murray without a rebound.
4:56 of 3rd period - James Sheppard wins face-off versus Mathieu Perreault in Little Stars zone.
5:03 of 3rd period - Alexander Vasyunov is hit by Nathan Davis and loses puck.
5:16 of 3rd period - Mathieu Perreault is hit by Matt Gilroy and loses puck.
5:23 of 3rd period - Snap shot by Cedric Paquette.
5:23 of 3rd period - Shot Blocked by Anton Cederholm.
5:25 of 3rd period - Slapshot by Slater Koekkoek.
5:25 of 3rd period - Deflect By Cedric Paquette.
5:25 of 3rd period - Shot Blocked by Anton Cederholm.
5:25 of 3rd period - Puck is out of play.
5:26 of 3rd period - Mike Zigomanis wins face-off versus Brian Flynn in Little Stars zone.
5:29 of 3rd period - Snap shot by Cody McLeod.
5:29 of 3rd period - Stopped by Matt Murray without a rebound.
5:30 of 3rd period - Cody McLeod wins face-off versus Brian Flynn in Little Stars zone.
5:34 of 3rd period - Minor Penalty to Tucker Poolman for Diving.
5:35 of 3rd period - Shawn Matthias wins face-off versus Mike Zigomanis in Little Stars zone.
5:53 of 3rd period - Shawn Matthias is hit by Matt Gilroy.
6:03 of 3rd period - Cody McLeod is hit by Andrej Sustr.
6:07 of 3rd period - Slapshot by Mike Zigomanis.
6:07 of 3rd period - Shot Blocked by Jordie Benn.
6:09 of 3rd period - Slapshot by Cody McLeod.
6:09 of 3rd period - Stopped by Matt Murray without a rebound.
6:10 of 3rd period - Dana Tyrell wins face-off versus Nathan Davis in Little Stars zone.
6:35 of 3rd period - Carl Klingberg is hit by Dana Tyrell and loses puck.
6:46 of 3rd period - Snap shot by Carl Klingberg.
6:46 of 3rd period - Shot Misses the Net.
6:48 of 3rd period - Snap shot by Carl Klingberg.
6:48 of 3rd period - Shot Misses the Net.
6:50 of 3rd period - Slapshot by Carl Klingberg.
6:50 of 3rd period - Stopped by Matt Murray without a rebound.
6:51 of 3rd period - Mike Zigomanis wins face-off versus Shawn Matthias in Little Stars zone.
6:58 of 3rd period - Wrist shot by Mike Zigomanis.
6:58 of 3rd period - Shot Misses the Net.
7:34 of 3rd period - Penalty to Tucker Poolman is over, Tucker Poolman is back on ice.
7:54 of 3rd period - Snap shot by Jesse Joensuu.
7:54 of 3rd period - Stopped by Leland Irving with a rebound.
8:11 of 3rd period - Carl Klingberg is hit by Alexander Vasyunov and loses puck.
8:18 of 3rd period - Wrist shot by Scott Kosmachuck.
8:18 of 3rd period - Shot Blocked by Tim Crowder.
8:20 of 3rd period - Snap shot by Jordie Benn.
8:20 of 3rd period - Shot Misses the Net.
8:39 of 3rd period - Wrist shot by Nathan Davis.
8:39 of 3rd period - Shot Blocked by Andrej Sustr.
8:41 of 3rd period - Snap shot by James Sheppard.
8:41 of 3rd period - Shot Misses the Net.
8:57 of 3rd period - Wrist shot by Cody McLeod.
8:57 of 3rd period - Stopped by Matt Murray with a rebound.
10:36 of 3rd period - Jesse Joensuu is hit by Slater Koekkoek and loses puck.
10:57 of 3rd period - Tyler Wotherspoon is hit by Matt Gilroy and loses puck.
11:33 of 3rd period - Snap shot by Tyler Wotherspoon.
11:33 of 3rd period - Shot Blocked by Carl Klingberg.
11:41 of 3rd period - Slater Koekkoek is hit by Michael Mersch and loses puck.
12:02 of 3rd period - Cody McLeod is hit by Brian Flynn.
12:22 of 3rd period - Snap shot by Cedric Paquette.
12:22 of 3rd period - Goal by Cedric Paquette - Rafales : 7 - Little Stars : 2.
12:23 of 3rd period - Brian Flynn wins face-off versus Mike Zigomanis in neutral zone.
12:28 of 3rd period - Wrist shot by Cam Atkinson.
12:28 of 3rd period - Stopped by Leland Irving with a rebound.
12:30 of 3rd period - Snap shot by Cam Atkinson.
12:30 of 3rd period - Stopped by Leland Irving with a rebound.
12:38 of 3rd period - Slapshot by Shawn Matthias.
12:38 of 3rd period - Shot Misses the Net.
13:05 of 3rd period - Andrej Sustr is hit by Julian Melchiori.
13:40 of 3rd period - Shawn Matthias is hit by Milan Bartovic and loses puck.
14:50 of 3rd period - Dennis Persson is hit by Alexander Vasyunov and loses puck.
15:08 of 3rd period - Cam Atkinson is hit by Matt Gilroy and loses puck.
15:25 of 3rd period - Milan Bartovic is hit by Michael Mersch.
15:44 of 3rd period - Reece Willcox is hit by Milan Bartovic and loses puck.
15:57 of 3rd period - Cody McLeod is hit by Zach Budish.
16:07 of 3rd period - Snap shot by Milan Bartovic.
16:07 of 3rd period - Goal by Milan Bartovic - Rafales : 8 - Little Stars : 2.
16:08 of 3rd period - Brian Flynn wins face-off versus Nathan Davis in neutral zone.
16:23 of 3rd period - Off-side.
16:24 of 3rd period - Kevin Veilleux wins face-off versus Dana Tyrell in neutral zone.
16:27 of 3rd period - Andrej Sustr is hit by Kevin Veilleux and loses puck.
16:40 of 3rd period - Snap shot by Zach Budish.
16:40 of 3rd period - Shot Misses the Net.
17:37 of 3rd period - Snap shot by James Marcou.
17:37 of 3rd period - Stopped by Matt Murray with a rebound.
17:39 of 3rd period - Slapshot by Cedric Paquette.
17:39 of 3rd period - Stopped by Matt Murray with a rebound.
17:41 of 3rd period - Slapshot by Matt Gilroy.
17:41 of 3rd period - Shot Misses the Net.
19:01 of 3rd period - Wrist shot by Jesse Joensuu.
19:01 of 3rd period - Shot Blocked by Dennis Persson.
19:09 of 3rd period - Snap shot by Milan Bartovic.
19:09 of 3rd period - Shot Misses the Net.
Goals for this period are 3 for Rafales vs 0 for Little Stars.
Shots for this period are 13 for Rafales vs 7 for Little Stars.
Back to the Top